[Event "November 21 Late 2023"]
[Site "https://www.chess.com"]
[Date "2023.11.21"]
[Round "8"]
[White "Pourkashiyan, Atousa"]
[Black "Hansen, Sune Berg"]
[Result "1-0"]
[Board "63"]
[TimeControl "180+1"]
[WhiteFideId "12502014"]
[BlackFideId "1400266"]
[WhiteElo "2221"]
[BlackElo "2692"]
[WhiteTeam "USA"]
[BlackTeam "DEN"]
[WhiteClock "0:00:10"]
[BlackClock "0:01:20"]

1. e4 e5 2. Nf3 Nc6 3. Bb5 a6 4. Ba4 d6 5. O-O Bd7 6. c3 Nge7 7. d4 Ng6 8. d5 Nce7 9. c4 h6 10. Nc3 Rb8 11. Bxd7+ Qxd7 12. Be3 b6 13. b4 f5 14. c5 f4 15. Bc1 Ng8 16. cxb6 cxb6 17. Nd2 Nf6 18. a4 Be7 19. b5 a5 20. Ba3 O-O 21. Rc1 Bd8 22. Ne2 Ne7 23. f3 g5 24. Qb3 Kh7 25. Nc4 Bc7 26. Rfd1 Ng6 27. Nd2 g4 28. Qc2 Rbc8 29. Qc6 Qe7 30. Nc4 gxf3 31. gxf3 Rg8 32. Kf2 Nxe4+ 33. fxe4 Qh4+ 34. Kf1 f3 35. Ng1 Qxh2 36. Nxf3 Rgf8 37. Qd7+ Kh8 38. Qg4 Nh4 39. Rc3 Rf4 40. Qxc8+ Kh7 41. Qxc7+ Kg6 42. Qxd6+ Kh5 43. Qxe5+ Kg4 44. Qg7+ Kh3 45. Ke1 Nxf3+ 46. Rxf3+ Rxf3 47. Qxh6+ Kg3 48. Qxh2+ Kxh2 49. Ke2 1-0

[Event "November 21 Late 2023"]
[Site "https://www.chess.com"]
[Date "2023.11.21"]
[Round "8"]
[White "Przybylski, Wojciech"]
[Black "Wu, Derek"]
[Result "1-0"]
[Board "64"]
[TimeControl "180+1"]
[WhiteFideId "1117599"]
[BlackFideId "30914558"]
[WhiteElo "2203"]
[BlackElo "2211"]
[WhiteTeam "POL"]
[BlackTeam "USA"]
[WhiteClock "0:00:12"]
[BlackClock "0:00:07"]

1. e4 e6 2. d4 d5 3. exd5 exd5 4. Nf3 Bd6 5. Bd3 Ne7 6. O-O Bg4 7. h3 Bh5 8. Nbd2 Nbc6 9. c3 Qd7 10. Re1 O-O-O 11. Qc2 g5 12. Ne5 Bxe5 13. dxe5 g4 14. h4 g3 15. fxg3 Rhg8 16. Nf1 Bg6 17. Bf4 d4 18. Bxg6 Rxg6 19. cxd4 Nxd4 20. Qf2 Nef5 21. Rac1 Rc6 22. Rxc6 Qxc6 23. Kh2 Qe6 24. Ne3 Kb8 25. Nxf5 Nxf5 26. a3 a5 27. Qc5 Rd5 28. Qc3 b6 29. b4 a4 30. Rc1 Rd7 31. Qc2 Nd4 32. Qxa4 Ne2 33. Rf1 Qg4 34. Qc2 h5 35. Qe4 Nc3 36. Qf3 Qg6 37. Bg5 Rd3 38. Qf5 Qxf5 39. Rxf5 Ne4 40. Rxf7 Nxg3 41. e6 Ne4 42. e7 Nd6 43. Bf4 Kc8 44. Bxd6 Kd7 45. Bxc7 Re3 46. Bxb6 Re4 47. Bc5 Kc6 48. Rf8 Kb7 49. e8=Q Rxh4+ 50. Kg1 Rc4 51. Qa8+ Kc7 52. Rf7# 1-0

[Event "November 21 Late 2023"]
[Site "https://www.chess.com"]
[Date "2023.11.21"]
[Round "8"]
[White "BM223344"]
[Black "De La Colina, Nicolas"]
[Result "1/2-1/2"]
[Board "65"]
[TimeControl "180+1"]
[BlackFideId "30946921"]
[WhiteElo "2484"]
[BlackElo "2088"]
[BlackTeam "USA"]
[WhiteClock "0:00:58"]
[BlackClock "0:00:06"]

1. d4 f5 2. c4 Nf6 3. Nc3 g6 4. Nf3 Bg7 5. e3 d6 6. Bd3 O-O 7. O-O c6 8. Re1 Qc7 9. e4 fxe4 10. Nxe4 e5 11. dxe5 dxe5 12. Nxf6+ Bxf6 13. Bh6 Re8 14. Qc2 Bg7 15. Bxg7 Qxg7 16. Re2 Bg4 17. Rae1 Bxf3 18. gxf3 Nd7 19. f4 Qf6 20. fxe5 Rxe5 21. Be4 Rae8 22. Bg2 Qf4 23. Rxe5 Rxe5 24. Rxe5 Nxe5 25. Qb3 Qxc4 26. Qxb7 Qc1+ 27. Bf1 Nf3+ 28. Kg2 Ne1+ 29. Kh1 Qf4 30. Qxc6 Qxf2 31. Bc4+ Kg7 32. Qd7+ Kh6 33. Qh3+ Kg7 34. Qd7+ Kh6 35. Qh3+ Kg7 36. Qd7+ 1/2-1/2

[Event "November 21 Late 2023"]
[Site "https://www.chess.com"]
[Date "2023.11.21"]
[Round "8"]
[White "aghasiyevkamal"]
[Black "Musalov, Ruslan"]
[Result "1-0"]
[Board "66"]
[TimeControl "180+1"]
[BlackFideId "4141490"]
[WhiteElo "2576"]
[BlackElo "2268"]
[BlackTeam "RUS"]
[WhiteClock "0:00:20"]
[BlackClock "0:00:00"]

1. d4 d6 2. c4 Nc6 3. Nc3 e5 4. Nf3 Nf6 5. d5 Ne7 6. h4 Bg4 7. Qb3 Qc8 8. g3 g6 9. Bg2 Bg7 10. Qa4+ Bd7 11. Qa3 O-O 12. Bg5 h6 13. Bxf6 Bxf6 14. c5 dxc5 15. Qxc5 Nf5 16. O-O Nd6 17. Rac1 Qd8 18. Nd2 b6 19. Qa3 Bg7 20. Nce4 Bg4 21. Nxd6 Qxd6 22. Qxd6 cxd6 23. e4 Rfc8 24. Kh2 Rxc1 25. Rxc1 Rc8 26. Rc6 Kf8 27. b4 Bd7 28. b5 Bxc6 29. dxc6 a6 30. a4 axb5 31. axb5 Ra8 32. Nc4 Ke7 33. Nxb6 Ra2 34. c7 Rc2 35. c8=Q Rxc8 36. Nxc8+ Kd7 37. Nb6+ Kc7 38. Nd5+ Kb7 39. Bh3 f6 40. Bd7 Bh8 41. Bc6+ Kb8 42. b6 f5 43. f3 fxe4 44. fxe4 Bg7 45. Kh3 h5 46. g4 Bf8 47. g5 Bg7 48. Kg3 Bf8 49. Kf3 Bg7 50. Ke3 Bf8 51. Kd3 Bg7 52. Kc4 Bf8 53. Kb5 Bg7 54. Be8 Bf8 55. Kc6 Bg7 56. Bxg6 1-0

[Event "November 21 Late 2023"]
[Site "https://www.chess.com"]
[Date "2023.11.21"]
[Round "8"]
[White "liwadas82"]
[Black "Janaszak, Dawid"]
[Result "0-1"]
[Board "67"]
[TimeControl "180+1"]
[BlackFideId "1119206"]
[WhiteElo "2459"]
[BlackElo "2218"]
[BlackTeam "POL"]
[WhiteClock "0:00:00"]
[BlackClock "0:00:24"]

1. e4 c5 2. Nf3 Nc6 3. d4 cxd4 4. Nxd4 g6 5. Nc3 Bg7 6. Be3 Nf6 7. Bc4 O-O 8. Bb3 Re8 9. O-O d6 10. f3 Na5 11. Qd2 b6 12. Rfe1 Bd7 13. Rad1 Rc8 14. Bh6 Bh8 15. Bg5 Nc4 16. Bxc4 Rxc4 17. b3 Rc8 18. Nd5 e6 19. Nxf6+ Bxf6 20. Bxf6 Qxf6 21. c4 Red8 22. Ne2 Bc6 23. Nc3 h5 24. Re3 Rd7 25. Rd3 Rcd8 26. Qe3 Qe5 27. Qd4 Qg5 28. Qe3 Qa5 29. a4 Qb4 30. Ne2 Bb7 31. Qd2 Qc5+ 32. Kh1 Kh7 33. Rd4 a6 34. b4 Qe5 35. f4 Qf6 36. e5 Qh4 37. exd6 Qf2 38. Rg1 h4 39. h3 Bc6 40. c5 bxc5 41. bxc5 Bd5 42. Nc3 Qxd2 43. Rxd2 Bc6 44. Rb1 Rc8 45. Rb6 Ba8 46. Rxa6 g5 47. fxg5 Kg6 48. Nb5 Be4 49. Nc7 Rb8 50. Kh2 Rb3 51. Rf2 Rg3 52. Rb6 Rxg5 53. Nb5 Rxc5 54. Re2 Bd3 55. Rd2 Be4 56. a5 Rc1 57. a6 Ra1 58. a7 f5 59. Rb8 f4 60. Rd4 Bd5 61. Nc3 Bc6 62. Rc4 f3 63. gxf3 Bxf3 0-1

[Event "November 21 Late 2023"]
[Site "https://www.chess.com"]
[Date "2023.11.21"]
[Round "8"]
[White "ATM622"]
[Black "Deng, Henry"]
[Result "0-1"]
[Board "68"]
[TimeControl "180+1"]
[BlackFideId "30965454"]
[WhiteElo "2463"]
[BlackElo "2557"]
[BlackTeam "USA"]
[WhiteClock "0:00:00"]
[BlackClock "0:00:26"]

1. d4 d5 2. c4 c6 3. Nf3 Nf6 4. Nbd2 Bf5 5. Nh4 Be4 6. e3 Nbd7 7. Be2 e6 8. O-O h6 9. cxd5 exd5 10. Nxe4 Nxe4 11. Nf5 Nd6 12. Ng3 Be7 13. Bd3 O-O 14. Qh5 Nf6 15. Qh3 Qc8 16. Bf5 Qc7 17. Bd3 Rfe8 18. Nf5 Nxf5 19. Qxf5 Qc8 20. Qf3 Bd6 21. Bf5 Qc7 22. h3 Ne4 23. a4 a5 24. h4 Qe7 25. g3 g6 26. Bh3 h5 27. b3 Kg7 28. Kg2 Bb4 29. Ra2 Rad8 30. Rc2 Rd6 31. Qe2 Rf6 32. f3 Nd6 33. Bb2 Nf5 34. Kf2 Nxe3 35. Rd2 Bxd2 36. Qxd2 Nf5 37. Bc3 Re6 38. Kg1 Re2 39. Qd3 Qe3+ 40. Qxe3 Nxe3 41. Re1 Rxe1+ 42. Bxe1 Nc2 43. Bxa5 Re3 44. Kf2 Rxb3 45. Bc7 Kh7 46. Be5 Ra3 47. Bd7 Nb4 48. Be8 Nd3+ 49. Kf1 Nxe5 50. dxe5 Kg7 51. Bd7 Rxa4 52. e6 fxe6 53. Bxe6 Rd4 54. Bc8 b5 55. Bd7 c5 56. Bxb5 c4 57. Ke2 c3 58. Bd3 Kf6 59. Ke3 Rb4 60. Bc2 g5 61. hxg5+ Kxg5 62. Kd3 d4 63. Bd1 Kf6 64. Bc2 Ke7 65. Bd1 Kd6 66. f4 Kc5 67. Bxh5 Rb2 68. f5 Rg2 69. g4 c2 70. f6 c1=Q 71. Ke4 Qe3+ 72. Kf5 Rf2+ 73. Kg6 Qe4+ 74. Kg7 Qe5 75. g5 Qxg5+ 76. Bg6 Qxf6+ 0-1

[Event "November 21 Late 2023"]
[Site "https://www.chess.com"]
[Date "2023.11.21"]
[Round "8"]
[White "Gurevich, Dmitry"]
[Black "Santos Flores, Alberto"]
[Result "1-0"]
[Board "69"]
[TimeControl "180+1"]
[WhiteFideId "2000407"]
[BlackFideId "3601234"]
[WhiteElo "2506"]
[BlackElo "2235"]
[WhiteTeam "USA"]
[BlackTeam "ECU"]
[WhiteClock "0:01:28"]
[BlackClock "0:02:14"]

1. d4 d5 2. c4 c6 3. e3 Nf6 4. Nc3 a6 5. a4 Bf5 6. Nf3 e6 7. Bd3 Bxd3 8. Qxd3 Nbd7 9. O-O Bb4 10. Bd2 O-O 11. Nxd5 Nxd5 12. cxd5 Bxd2 13. dxe6 Bxe3 14. Qxe3 fxe6 15. Qxe6+ Kh8 16. Rfe1 h6 17. Rad1 Re8 18. Qxe8+ Qxe8 19. Rxe8+ Rxe8 20. Kf1 Nf6 21. Re1 Rxe1+ 22. Kxe1 Kg8 23. Ke2 Kf7 24. Kd3 Ke6 25. Ne5 Kd5 26. Nc4 Ng4 27. Ne3+ Nxe3 28. fxe3 b5 29. e4+ Kd6 30. axb5 cxb5 31. b4 Kc6 32. d5+ Kb6 33. Kd4 1-0

[Event "November 21 Late 2023"]
[Site "https://www.chess.com"]
[Date "2023.11.21"]
[Round "8"]
[White "YouShallNotPass001"]
[Black "D`Arruda, Ricardo D."]
[Result "1-0"]
[Board "70"]
[TimeControl "180+1"]
[BlackFideId "100692"]
[WhiteElo "2445"]
[BlackElo "2538"]
[BlackTeam "ARG"]
[WhiteClock "0:02:08"]
[BlackClock "0:01:20"]

1. Nf3 d5 2. e3 Nf6 3. Be2 g6 4. O-O Bg7 5. d4 O-O 6. c4 c6 7. Nc3 b6 8. b4 Bb7 9. a4 Nbd7 10. c5 a5 11. Ba3 axb4 12. Bxb4 bxc5 13. dxc5 Ne4 14. Nxe4 Bxa1 15. Qxa1 dxe4 16. Nd4 e5 17. Nb3 Ba6 18. Bxa6 Rxa6 19. Rd1 Qe7 20. Nd2 Rb8 21. Nxe4 Rxb4 22. Rxd7 Rbxa4 23. Qf1 Ra1 24. Rd1 Rxd1 25. Qxd1 Qd7 26. Nf6+ 1-0

[Event "November 21 Late 2023"]
[Site "https://www.chess.com"]
[Date "2023.11.21"]
[Round "8"]
[White "jactorres"]
[Black "Omariev, Maksim"]
[Result "1-0"]
[Board "71"]
[TimeControl "180+1"]
[BlackFideId "4193423"]
[WhiteElo "2439"]
[BlackElo "2518"]
[BlackTeam "RUS"]
[WhiteClock "0:00:21"]
[BlackClock "0:00:06"]

1. e4 c5 2. Nf3 d6 3. d4 cxd4 4. Nxd4 Nf6 5. Nc3 a6 6. Be2 e6 7. O-O Be7 8. Kh1 O-O 9. f4 Qc7 10. Qe1 b5 11. Bd3 Bb7 12. e5 Nfd7 13. exd6 Bxd6 14. Ne4 Be7 15. Ng5 h6 16. Ngxe6 Qb6 17. Nxf8 Bxf8 18. Be3 Nc5 19. Nb3 Qc6 20. Qf2 Nxd3 21. cxd3 a5 22. Rac1 Qd5 23. Nc5 Bc6 24. a3 Nd7 25. Nxd7 Bxd7 26. Qf3 Qxf3 27. Rxf3 Bf5 28. Bc5 Rc8 29. b4 axb4 30. axb4 g6 31. d4 Be6 32. Re3 Bg7 33. Ree1 Rd8 34. Red1 Bb3 35. Rd3 Bc4 36. Rd2 h5 37. Kg1 Bd5 38. Re1 Be6 39. Kf2 h4 40. Ra1 Bf6 41. Ra5 Bc4 42. d5 Bc3 43. Rc2 Bg7 44. d6 Bf8 45. Rd2 f5 46. Ra7 Be6 47. Ke3 Bh6 48. d7 g5 49. g3 hxg3 50. hxg3 gxf4+ 51. gxf4 Kf7 52. Bb6 Rxd7 53. Raxd7+ Bxd7 54. Rxd7+ Ke6 55. Rh7 Bf8 56. Bc5 Bxc5+ 57. bxc5 Kd5 58. Rc7 b4 59. Kd3 b3 60. Kc3 Ke4 61. Kxb3 Kxf4 62. Rf7 1-0

[Event "November 21 Late 2023"]
[Site "https://www.chess.com"]
[Date "2023.11.21"]
[Round "8"]
[White "Van Osch, Mees"]
[Black "The_Straightforward_Rook"]
[Result "0-1"]
[Board "72"]
[TimeControl "180+1"]
[WhiteFideId "1035967"]
[WhiteElo "2324"]
[BlackElo "2517"]
[WhiteTeam "NED"]
[WhiteClock "0:00:00"]
[BlackClock "0:01:18"]

1. e4 c6 2. Nc3 d5 3. d4 dxe4 4. Nxe4 Nf6 5. Nxf6+ exf6 6. Be3 Bd6 7. Qd2 O-O 8. O-O-O a5 9. Kb1 a4 10. a3 Qa5 11. Qxa5 Rxa5 12. c4 Bf5+ 13. Bd3 Re8 14. Ne2 Bxd3+ 15. Rxd3 Nd7 16. c5 Bc7 17. Ng3 Bxg3 18. hxg3 f5 19. d5 Nxc5 20. Bxc5 Rxc5 21. d6 Rd8 22. Re1 Kf8 23. Re7 Rxd6 24. Rde3 Rd1+ 25. Ka2 Rd8 26. Rxb7 Rb5 27. Rc7 Rdb8 28. Re2 c5 29. Ka1 Kg8 30. Rc2 g6 31. R7xc5 Rxc5 32. Rxc5 Rd8 33. Rc4 Rd2 34. Rxa4 Rxf2 0-1

[Event "November 21 Late 2023"]
[Site "https://www.chess.com"]
[Date "2023.11.21"]
[Round "8"]
[White "Estrada Nieto, Julian"]
[Black "RodokininEV"]
[Result "0-1"]
[Board "73"]
[TimeControl "180+1"]
[WhiteFideId "5101018"]
[WhiteElo "2161"]
[BlackElo "2514"]
[WhiteTeam "ESP"]
[WhiteClock "0:00:00"]
[BlackClock "0:00:14"]

1. e4 c5 2. Nf3 Nc6 3. Bb5 g6 4. Bxc6 dxc6 5. d3 Bg7 6. h3 Nf6 7. Nc3 Nd7 8. Be3 e5 9. Qd2 h6 10. a4 a5 11. O-O b6 12. Nh2 Qe7 13. f4 exf4 14. Bxf4 Ne5 15. Nf3 g5 16. Bxe5 Bxe5 17. Nxe5 Qxe5 18. Qf2 Be6 19. Nd1 O-O-O 20. Ne3 Kc7 21. b3 Rhe8 22. Nc4 Qd4 23. Kh1 g4 24. h4 Rg8 25. Qf4+ Kb7 26. e5 Bd5 27. Nd6+ Ka6 28. Qxd4 cxd4 29. Nxf7 Rde8 30. Rae1 g3 31. Nd6 Re6 32. Rf4 c5 33. Kg1 Rd8 34. Nf5 Rg8 35. Nd6 Ka7 36. Kf1 Kb8 37. Rf6 Kc7 38. Rxe6 Bxe6 39. Re4 Rf8+ 40. Ke1 Rf2 41. Re2 Rf4 42. Ne4 Rxh4 43. Nxg3 Rg4 44. Kf2 Kc6 45. Re4 Rxe4 46. Nxe4 Kd5 47. Nf6+ Kxe5 48. Ne8 Bf5 49. Kf3 h5 50. g3 Bg4+ 51. Kf2 Bd1 52. Ng7 Bxc2 53. Ke2 Bxb3 54. Nxh5 Bxa4 55. Nf4 Bd7 56. Kd2 b5 57. Ng6+ Kf6 58. Nf4 Ke5 59. Ng6+ Kd6 60. Nf4 c4 61. Kc2 Kc5 62. Ne2 a4 63. Nc1 b4 64. dxc4 Kxc4 65. Kb2 a3+ 66. Ka2 d3 67. Nb3 Kc3 0-1

[Event "November 21 Late 2023"]
[Site "https://www.chess.com"]
[Date "2023.11.21"]
[Round "8"]
[White "Seletsky, Grigory"]
[Black "Rios Escobar, Adan"]
[Result "0-1"]
[Board "74"]
[TimeControl "180+1"]
[WhiteFideId "14112191"]
[BlackFideId "3403645"]
[WhiteElo "2482"]
[BlackElo "2411"]
[WhiteTeam "UKR"]
[BlackTeam "CHI"]
[WhiteClock "0:00:30"]
[BlackClock "0:00:12"]

1. b3 Nf6 2. Bb2 g6 3. Bxf6 exf6 4. d4 c5 5. e3 cxd4 6. exd4 Qa5+ 7. c3 d5 8. Bd3 Nc6 9. Ne2 Bg4 10. f3 Be6 11. O-O Bh6 12. f4 Bg4 13. h3 Be6 14. b4 Qb6 15. Nd2 Ne7 16. g4 Qc7 17. Kg2 Qd7 18. a4 Rc8 19. a5 Bxg4 20. hxg4 Qxg4+ 21. Ng3 Qxd1 22. Bb5+ Kf8 23. Raxd1 Rxc3 24. Rf3 Rc2 25. Rd3 Bxf4 26. Kf3 Bxg3 27. Kxg3 Nf5+ 28. Kf4 Kg7 29. Re1 h5 30. Bd7 Nd6 31. a6 bxa6 32. Ra1 Rb8 33. Rxa6 Nc4 34. Nxc4 dxc4 35. Re3 Rb7 36. Bc6 Rxb4 37. Rxa7 Rb3 38. Ree7 g5+ 39. Ke4 Re2+ 40. Kd5 Rxe7 41. Rxe7 c3 42. Re2 Rb2 43. Rxb2 cxb2 44. Kd6 b1=Q 45. d5 Qb4+ 46. Kc7 Qe7+ 47. Kc8 Qd6 0-1

[Event "November 21 Late 2023"]
[Site "https://www.chess.com"]
[Date "2023.11.21"]
[Round "8"]
[White "Leschinsky, Gary"]
[Black "Ongut, Tamas Gunes"]
[Result "0-1"]
[Board "75"]
[TimeControl "180+1"]
[WhiteFideId "30951321"]
[BlackFideId "770280"]
[WhiteElo "2020"]
[BlackElo "2148"]
[WhiteTeam "USA"]
[BlackTeam "HUN"]
[WhiteClock "0:00:00"]
[BlackClock "0:00:22"]

1. d4 Nf6 2. c4 g6 3. Nc3 Bg7 4. e4 d6 5. Be2 O-O 6. Bg5 h6 7. Be3 c5 8. dxc5 dxc5 9. Qxd8 Rxd8 10. Bxc5 Nc6 11. Nf3 b6 12. Be3 Nb4 13. O-O Nc2 14. Rad1 Rxd1 15. Rxd1 Nxe3 16. Rd8+ Kh7 17. fxe3 Bb7 18. Rxa8 Bxa8 19. Bd3 Nd7 20. Nd4 Nc5 21. Bc2 e6 22. b4 Nd7 23. Ncb5 Bf8 24. a3 a5 25. bxa5 bxa5 26. Nb3 a4 27. N3d4 Nc5 28. Nc3 Bb7 29. Nxa4 Nxa4 30. Bxa4 Bxe4 31. Nb5 Bc5 32. Kf2 Bd3 33. Bb3 f5 34. g3 g5 35. Nd4 f4 36. gxf4 gxf4 37. Bc2 fxe3+ 38. Kf3 Bxc2 39. Nxc2 Kg6 40. Nxe3 Bxa3 41. Ke4 Bc5 42. Ng4 h5 43. Ne5+ Kg5 44. Nd3 Bd6 45. h3 Kh4 46. c5 Bc7 47. Nf4 e5 48. Ng6+ Kxh3 49. Nxe5 Kg3 50. Nf3 Kg4 51. Ke3 Bb8 52. Ke4 Kg3 53. Ke3 Ba7 54. Ke2 Bxc5 55. Ng5 Kg2 56. Ne6 Bd6 57. Nd4 h4 58. Nf3 h3 59. Ke3 Bc5+ 60. Ke4 Ba7 61. Nh4+ Kg3 62. Nf3 Bb6 63. Nd2 Kf2 64. Nf3 Bc7 0-1

[Event "November 21 Late 2023"]
[Site "https://www.chess.com"]
[Date "2023.11.21"]
[Round "8"]
[White "TheAlienParty"]
[Black "Rosen, Eric"]
[Result "1-0"]
[Board "76"]
[TimeControl "180+1"]
[BlackFideId "2032562"]
[WhiteElo "2391"]
[BlackElo "2346"]
[BlackTeam "USA"]
[WhiteClock "0:00:14"]
[BlackClock "0:00:07"]

1. Nf3 d5 2. g3 Nf6 3. Bg2 e6 4. O-O Be7 5. b3 O-O 6. Bb2 c5 7. d4 b6 8. Nbd2 Bb7 9. c4 dxc4 10. Nxc4 Nbd7 11. Rc1 Rc8 12. Nce5 Nxe5 13. dxe5 Qxd1 14. Rfxd1 Nd5 15. e4 Nc7 16. Rd7 Rfe8 17. Nd2 Bc6 18. Rd3 Red8 19. Rxd8+ Rxd8 20. Nc4 Nb5 21. h4 Nd4 22. Kf1 Bb5 23. Ke1 Nc6 24. Rd1 Nb4 25. Rxd8+ Bxd8 26. Nd6 Ba6 27. Kd2 Nxa2 28. f4 Nb4 29. f5 Kf8 30. Bh3 Ke7 31. g4 Kd7 32. Nxf7 Bxh4 33. g5 Ke7 34. g6 hxg6 35. Nh8 Bg5+ 36. Kd1 gxf5 37. exf5 Nd3 38. Ng6+ Ke8 39. Bc3 Nf2+ 40. Kc2 Nxh3 41. f6 gxf6 42. exf6 Nf4 43. Nh8 Bh6 44. f7+ Kf8 45. Be5 Bg7 46. Bd6# 1-0

[Event "November 21 Late 2023"]
[Site "https://www.chess.com"]
[Date "2023.11.21"]
[Round "8"]
[White "Schmakel, Sam"]
[Black "Novikova, Galina"]
[Result "1-0"]
[Board "77"]
[TimeControl "180+1"]
[WhiteFideId "2039311"]
[BlackFideId "4157095"]
[WhiteElo "2356"]
[BlackElo "1972"]
[WhiteTeam "USA"]
[BlackTeam "RUS"]
[WhiteClock "0:01:03"]
[BlackClock "0:01:30"]

1. e4 e6 2. b3 d5 3. Bb2 dxe4 4. Nc3 Nf6 5. Qe2 Nc6 6. Nxe4 Nd4 7. Qd3 e5 8. g3 Be7 9. Bg2 Nxe4 10. Bxe4 f5 11. Bg2 O-O 12. Bxd4 exd4 13. Ne2 Bf6 14. O-O Kh8 15. Nf4 c6 16. Rfe1 Qd6 17. c4 Bd7 18. Re2 Be5 19. Rae1 Bxf4 20. gxf4 Qxf4 21. Re7 Rad8 22. Qg3 Qh6 23. Qc7 Bc8 24. Qxd8 1-0

[Event "November 21 Late 2023"]
[Site "https://www.chess.com"]
[Date "2023.11.21"]
[Round "8"]
[White "Zarnicki, Pablo"]
[Black "Miszler, Levente"]
[Result "1/2-1/2"]
[Board "78"]
[TimeControl "180+1"]
[WhiteFideId "100137"]
[BlackFideId "763276"]
[WhiteElo "2468"]
[BlackElo "2186"]
[WhiteTeam "ARG"]
[BlackTeam "HUN"]
[WhiteClock "0:00:06"]
[BlackClock "0:00:18"]

1. e4 e6 2. d3 b5 3. f4 Bb7 4. Nf3 c5 5. g3 h5 6. Bg2 h4 7. Nxh4 Rxh4 8. gxh4 Qxh4+ 9. Kf1 Bd6 10. Qf3 f5 11. Qg3 Qh5 12. Bf3 Qh6 13. exf5 Bxf3 14. Qxf3 Nc6 15. Nc3 Nge7 16. Nxb5 Nxf5 17. Nxd6+ Nxd6 18. Be3 Nf5 19. Bxc5 Rc8 20. c3 Nce7 21. Bxe7 Kxe7 22. Re1 Rf8 23. Re4 Nh4 24. Qg4 Ng6 25. Rg1 Rf6 26. h4 Kd6 27. Qg5 Qxh4 28. Qxh4 Nxh4 29. Rxg7 Nf5 30. Kf2 Nxg7 31. Ra4 Nh5 32. Ra6+ Ke7 33. Rxa7 Nxf4 34. Ke3 Nd5+ 35. Ke2 Rh6 36. Rb7 Rh2+ 37. Kf3 e5 38. a4 Ke6 39. a5 Rh1 40. a6 Ra1 41. a7 Ne7 42. b4 Nc6 43. b5 Nxa7 44. b6 Nc8 45. Rb8 Nd6 46. c4 Rb1 47. c5 Nf5 48. b7 Ne7 49. Ke4 Nc6 50. Re8+ Kf7 51. b8=Q Rxb8 52. Rxb8 Nxb8 53. Kxe5 Ke7 54. d4 Nc6+ 55. Kd5 Nb4+ 56. Kc4 Nc2 57. d5 Ne3+ 58. Kd4 Nf5+ 59. Ke5 Ng3 60. d6+ Kd8 61. Kd5 Ne2 62. c6 Nf4+ 63. Ke4 dxc6 64. Kxf4 Kd7 65. Ke5 c5 66. Kd5 c4 67. Kd4 Kxd6 68. Kxc4 1/2-1/2

[Event "November 21 Late 2023"]
[Site "https://www.chess.com"]
[Date "2023.11.21"]
[Round "8"]
[White "Tikhonov, Viacheslav"]
[Black "Marcziter, Dmitrii"]
[Result "1-0"]
[Board "79"]
[TimeControl "180+1"]
[WhiteFideId "44196407"]
[BlackFideId "13900765"]
[WhiteElo "2191"]
[BlackElo "2142"]
[WhiteTeam "RUS"]
[BlackTeam "GER"]
[WhiteClock "0:00:06"]
[BlackClock "0:00:00"]

1. e4 e5 2. Nf3 Nc6 3. Bc4 Bc5 4. O-O Nf6 5. d4 exd4 6. e5 d5 7. exf6 dxc4 8. fxg7 Rg8 9. Re1+ Be6 10. Bg5 Qd5 11. Nc3 Qf5 12. Ne4 Be7 13. Bxe7 Kxe7 14. Nh4 Qf4 15. Ng3 Kd7 16. Re4 Qg5 17. Nf3 Qxg7 18. Nxd4 Nxd4 19. Rxd4+ Ke7 20. Qe2 Qg6 21. Rxc4 c6 22. Rc5 Kf8 23. Rd1 Re8 24. Qd3 Kg7 25. Qxg6+ hxg6 26. b3 Bd5 27. Rc3 Re5 28. Rcd3 Rge8 29. Nf1 Re1 30. R3d2 Rxd1 31. Rxd1 Re2 32. Ne3 Be6 33. Kf1 Rxe3 34. fxe3 Bg4 35. Rd2 Be6 36. c4 Kf6 37. Ke2 Ke5 38. Kf3 a5 39. a4 f5 40. h3 g5 41. g4 fxg4+ 42. hxg4 b6 43. Rd8 b5 44. cxb5 cxb5 45. axb5 Bxb3 46. b6 a4 47. b7 1-0

[Event "November 21 Late 2023"]
[Site "https://www.chess.com"]
[Date "2023.11.21"]
[Round "8"]
[White "Bogaudinov, Rushan"]
[Black "Pinheiro, Iung Alicio de O."]
[Result "0-1"]
[Board "80"]
[TimeControl "180+1"]
[WhiteFideId "4129288"]
[BlackFideId "2104350"]
[WhiteElo "1908"]
[BlackElo "2283"]
[WhiteTeam "RUS"]
[BlackTeam "BRA"]
[WhiteClock "0:00:21"]
[BlackClock "0:00:16"]

1. a3 e5 2. e3 Nf6 3. c4 c6 4. Nc3 d5 5. d4 e4 6. b4 Bd6 7. c5 Bc7 8. b5 h5 9. Nge2 h4 10. Qb3 Kf8 11. a4 Kg8 12. Bd2 h3 13. g3 Bg4 14. Nf4 g5 15. Rg1 gxf4 16. gxf4 Kf8 17. a5 Bxa5 18. bxc6 Nxc6 19. Qxb7 Nb4 20. Rc1 Rg8 21. Nb5 Nd3+ 22. Bxd3 Bxd2+ 23. Kxd2 exd3 24. c6 Ne4+ 25. Kxd3 Bf5 26. Rxg8+ Kxg8 27. Ke2 Qc8 28. f3 Nf6 29. Nd6 Qxb7 30. cxb7 Rb8 31. Nxf5 Rxb7 32. Rc8+ Kh7 33. Rc2 a5 34. Nd6 Ra7 35. e4 dxe4 36. fxe4 a4 37. e5 Nd5 38. f5 a3 39. Nb5 Ra5 40. Nxa3 Rxa3 41. Rc5 Nf4+ 42. Kf2 Kg7 43. d5 Nd3+ 44. Ke2 Nxc5 45. d6 Rd3 46. Kf2 Kf8 47. Ke2 Rd5 48. e6 fxe6 49. fxe6 Nxe6 50. Kf3 Rg5 51. Ke4 Ke8 52. Kf3 Kd7 53. Ke4 Kxd6 54. Kf3 Rg2 55. Ke3 Ke5 56. Kf3 Nd4+ 57. Ke3 Re2+ 58. Kd3 Rxh2 59. Ke3 Re2+ 60. Kd3 h2 61. Kc4 h1=Q 62. Kc3 Qc6+ 63. Kd3 Qc2# 0-1

[Event "November 21 Late 2023"]
[Site "https://www.chess.com"]
[Date "2023.11.21"]
[Round "8"]
[White "Ferreira, Vitor Hugo Vieira"]
[Black "Bochnicka, Vladimir"]
[Result "0-1"]
[Board "81"]
[TimeControl "180+1"]
[WhiteFideId "2119765"]
[BlackFideId "14943450"]
[WhiteElo "2123"]
[BlackElo "2170"]
[WhiteTeam "BRA"]
[BlackTeam "SVK"]
[WhiteClock "0:00:06"]
[BlackClock "0:00:09"]

1. d4 Nf6 2. c4 g6 3. Nc3 Bg7 4. e4 d6 5. Nf3 O-O 6. Be2 e5 7. Be3 Nc6 8. O-O Ng4 9. Bg5 f6 10. Bc1 f5 11. dxe5 Ngxe5 12. Nxe5 Nxe5 13. Qd5+ Kh8 14. c5 dxc5 15. Qxc5 f4 16. Rd1 Qh4 17. g3 fxg3 18. hxg3 Qh3 19. Bf4 Ng4 20. f3 Qh2+ 21. Kf1 Qh3+ 22. Ke1 Nh2 23. Be5 Be6 24. Bxg7+ Kxg7 25. Qe5+ Kg8 26. g4 Rae8 27. Kd2 Rxf3 28. Kc2 Rf2 29. Rd2 Bb3+ 30. axb3 Rxe5 31. Bc4+ Rf7 32. Rh1 Qxg4 33. Rdxh2 h5 34. Rf2 Re7 35. Rhf1 b5 36. Bd5 c6 37. Bxf7+ Kh7 38. e5 b4 39. Kc1 bxc3 40. e6 cxb2+ 41. Kxb2 Qd4+ 42. Ka2 h4 43. Re2 h3 44. Rfe1 Qf4 45. Rf2 Qc7 46. Ref1 Qg3 47. Rf3 Qh2+ 48. R3f2 Qc7 49. Rf3 Qh2+ 50. R1f2 Qe5 51. Rf1 Kg7 52. Rxh3 Rb7 53. Rd3 Qa5+ 54. Kb2 Qb5 55. Rfd1 Qb4 56. R1d2 Re7 57. Rc3 a5 58. Rdc2 a4 59. Ka2 axb3+ 60. Rxb3 Ra7+ 61. Kb2 Qd4+ 62. Rbc3 Rb7+ 63. Kc1 Qg1+ 64. Kd2 Qf2+ 65. Kd3 Qf5+ 66. Kd2 Rb4 67. Rxc6 Rd4+ 68. Kc1 Qf1+ 69. Kb2 Qb5+ 70. Kc1 Re4 71. Rc7 Qb4 72. Be8+ Kh6 73. Rh2+ Kg5 74. Rhc2 Re1# 0-1

[Event "November 21 Late 2023"]
[Site "https://www.chess.com"]
[Date "2023.11.21"]
[Round "8"]
[White "Baches Garcia, Guillermo"]
[Black "Pace, Christopher"]
[Result "1/2-1/2"]
[Board "82"]
[TimeControl "180+1"]
[WhiteFideId "2209764"]
[BlackFideId "2610167"]
[WhiteElo "2517"]
[BlackElo "2423"]
[WhiteTeam "ESP"]
[BlackTeam "CAN"]
[WhiteClock "0:02:24"]
[BlackClock "0:02:55"]

1. d4 Nf6 2. Nf3 g6 3. Bg5 Bg7 4. Nbd2 d5 5. e3 c5 6. c3 cxd4 7. exd4 Nc6 8. Bd3 O-O 9. O-O Bf5 10. Bxf5 gxf5 11. Re1 1/2-1/2